 Dungeon Crawl Stone Soup version 0.19-a0-1638-gc4a7856 (webtiles) character file.

3831 theclanless the Spear-Bearer (level 10, -1/49 HPs)
             Began as a Vine Stalker Abyssal Knight on Oct 25, 2016.
             Was an Elder of Lugonu.
             Slain by a bullfrog (7 damage)
             ... on level 9 of the Dungeon.
             The game lasted 00:23:46 (6688 turns).

theclanless the Spear-Bearer (VSAK)                 Turns: 6688, Time: 00:23:47

Health: -1/49      AC:  1    Str: 17    XL:     10   Next: 18%
Magic:  0/21       EV: 13    Int: 10    God:    Lugonu [****..]
Gold:   387        SH:  0    Dex: 19    Spells: 0 memorised, 9 levels left

rFire  . . .     SeeInvis .     w - +12 glaive of Prune {chop}
rCold  . . .     Gourm    .     d - +0 leather armour (curse)
rNeg   . . .     Faith    .     (shield currently unavailable)
rPois  .         Spirit   +     (no helmet)
rElec  .         Dismiss  .     e - +0 cloak
rCorr  .         Reflect  .     K - +0 pair of gloves
MR     +....     Harm     .     (no boots)
Stlth  +.........               f - amulet of regeneration
                                u - -3 ring of protection (curse)
                                s - ring "Boenn" {MP+9 Dex+4}

@: no status effects
A: fangs 3, hooves 1, clumsy 1, deformed body, dopey 1, regeneration 1, strong
1, magic shield, antimagic bite, no device heal 3, rot immunity, MP-powered
wands
a: Desperate Haste, Depart the Abyss, Bend Space, Banish, Corrupt, Renounce
Religion


You were on level 9 of the Dungeon.
You worshipped Lugonu.
Lugonu was greatly pleased with you.
You were hungry.

You visited 2 branches of the dungeon, and saw 10 of its levels.
You visited the Abyss 1 time.

You collected 387 gold pieces.

Inventory:

Hand Weapons
 a - a +2 falchion
 b - a +0 hunting sling
 w - the +12 glaive of Prune (weapon) {chop}
   (You found it on level 4 of the Dungeon)

   It inflicts extra damage upon your enemies.
Missiles
 g - 120 stones
 i - 10 javelins (quivered)
 p - 67 sling bullets
Armour
 d - a cursed +0 leather armour (worn)
 e - a +0 cloak (worn)
 m - a +0 ring mail
 q - a +0 cloak
 I - a +0 shield
 K - a +0 pair of gloves (worn)
Jewellery
 f - an amulet of regeneration (around neck)
 k - a +2 amulet of reflection {unknown}
 l - an uncursed ring of resist corrosion
 s - the ring "Boenn" (left hand) {MP+9 Dex+4}
   (You found it on level 4 of the Dungeon)

   [ring of magical power]

   It affects your dexterity (+4).
   It affects your magic capacity (+9).
 t - an uncursed ring of ice
 u - a cursed -3 ring of protection (right hand)
 J - an uncursed ring of protection from magic {unknown}
Wands
 y - a wand of slowing (26/48)
 B - a wand of flame (35/48)
 C - a wand of iceblast (1/15)
 O - a wand of lightning (5/15)
Scrolls
 h - 4 scrolls of immolation
 n - 4 scrolls of fear
 o - 2 scrolls of magic mapping
 x - 3 scrolls of amnesia
Potions
 j - 3 potions of curing
 r - a potion of ambrosia
 A - a potion of magic
 D - a potion of flight
 E - a potion of heal wounds {unknown}
 G - 2 potions of agility
 H - a potion of invisibility
 L - a potion of might
 M - a potion of resistance
 N - a potion of cancellation {unknown}
Books
 F - a book of Power

   Spells                             Type                      Level
   a - Fulminant Prism                Conjuration/Hexes            4
   b - Iskenderun's Mystic Blast      Conjuration                  4
   c - Venom Bolt                     Conjuration/Poison           5
   d - Bolt of Magma                  Conjuration/Fire/Earth       5
   e - Iron Shot                      Conjuration/Earth            6
   f - Orb of Destruction             Conjuration                  7
   g - Spellforged Servitor           Conjuration/Summoning        7
Comestibles
 c - 7 bread rations
 v - a meat ration
 z - a beef jerky


   Skills:
 - Level 3.5 Fighting
 - Level 3.3 Long Blades
 * Level 11.6 Polearms
 - Level 2.3 Armour
 - Level 2.9 Dodging
 - Level 2.5 Invocations


You had 9 spell levels left.
You didn't know any spells.

Dungeon Overview and Level Annotations

Branches:
Dungeon (9/15)             Temple (1/1) D:6
   Lair: D:8-11         Orc: D:9-12

Altars:
Ashenzari
Cheibriados
Dithmenos
Fedhas
Gozag
Hepliaklqana
Kikubaaqudgha
Nemelex Xobeh
Okawaru
Qazlal
Ru
Sif Muna
Trog
Uskayaw
Vehumet
Xom
Yredelemnul
Zin
The Shining One

Annotations:
D:6 SVVessel's ghost, amateur DrBe


Innate Abilities, Weirdness & Mutations

You have razor-sharp teeth.
Your natural rate of healing is unusually fast.
When hurt, damage is shared between your health and your magic reserves.
Your bite disrupts and absorbs the magic of your enemies.
Potions and wands cannot restore your health.
You are immune to rotting.
You have large cloven feet.
You are clumsy. (Dex -2)
Armour fits poorly on your strangely shaped body.
You are dopey. (Int -2)
Your muscles are strong. (Str +2)
You expend magic power (3 MP) to strengthen your wands.


Message History

A hydra and a bullfrog come into view.
The eight-headed hydra roars!
The bullfrog croaks.
Found a bubbling dark potion.
Found a stone staircase leading down.
There is a stone staircase leading up here.
Space bends around you!
You blink.
* * * LOW HITPOINT WARNING * * *
A phantom comes into view.
The phantom hits you!
* * * LOW HITPOINT WARNING * * *
The bullfrog hits you.
* * * LOW HITPOINT WARNING * * *
Found a robe.
Unknown command.
The phantom closely misses you. The phantom hits you.
* * * LOW HITPOINT WARNING * * *
The phantom blinks!
The bullfrog hits you.
* * * LOW HITPOINT WARNING * * *
The bullfrog hits you!
You die...

+.......#
#.......#
#!......#
######..#
######D##
#.....>.#
.....W...#
##[.....F#
#......@#
#..............
#.......#######
######.## #. #.
.. .#


You could see an eight-headed hydra, a phantom and a bullfrog.

Vanquished Creatures
  Maurice (D:8)
  3 hogs (D:8)
  A hungry ghost (D:8)
  Menkaure (D:7)
  2 water moccasins
  A phantom (D:4)
  An orc warrior (D:8)
  An ice beast (D:5)
  2 sky beasts
  2 ogres
  2 necrophages
  4 centaurs
  5 bullfrogs
  A water moccasin zombie (D:7)
  3 scorpions
  A howler monkey (D:8)
  2 crimson imps
  A centaur zombie (D:7)
  2 hounds
  Crazy Yiuf (D:2)
  A jelly (D:6)
  2 iguanas
  3 worker ants
  Natasha (D:3)
  8 orc wizards
  A killer bee zombie (D:5)
  7 gnolls (D:6)
  A howler monkey skeleton (D:4)
  8 adders
  A shadow imp (D:7)
  An adder zombie (D:6)
  2 adder skeletons
  5 worms
  3 dart slugs
  3 leopard geckos
  24 orcs
  6 giant cockroaches
  7 goblins
  4 hobgoblins
  14 jackals
  3 quokkas
  9 bats
  7 frilled lizards
  A jackal zombie (D:5)
  9 kobolds
  A leopard gecko zombie (D:8)
  A quokka skeleton (D:5)
  7 rats
  A fungus (D:2)
178 creatures vanquished.

Notes
Turn   | Place    | Note
-------+----------+-------------------------------------------
     0 | Abyss:1  | theclanless the Vine Stalker Abyssal Knight began the quest for the Orb.
     0 | Abyss:1  | Reached XP level 1. HP: 11/11 MP: 3/3
    37 | Abyss:1  | Noticed a chaos spawn
    68 | Abyss:1  | Noticed a large abomination
    73 | D:1      | Escaped the Abyss
   159 | D:1      | Reached skill level 1 in Dodging
   159 | D:1      | Reached XP level 2. HP: 13/16 MP: 2/4
   178 | D:1      | Reached * piety under Lugonu
   774 | D:1      | Reached XP level 3. HP: 20/20 MP: 5/5
   993 | D:2      | Found a runed door.
  1311 | D:2      | Gained mutation: Your natural rate of healing is unusually fast. [Vine Stalker growth]
  1311 | D:2      | Reached XP level 4. HP: 24/24 MP: 6/6
  1869 | D:2      | Noticed Crazy Yiuf
  1875 | D:2      | Killed Crazy Yiuf
  2060 | D:3      | Reached ** piety under Lugonu
  2072 | D:3      | Reached XP level 5. HP: 28/28 MP: 5/7
  2297 | D:3      | Noticed Natasha
  2310 | D:3      | Killed Natasha
  2581 | D:4      | Reached XP level 6. HP: 13/32 MP: 2/8
  2808 | D:4      | Noticed a phantom
  2823 | D:4      | Killed a phantom
  2823 | D:4      | Reached skill level 2 in Polearms
  2829 | D:4      | Reached XP level 7. HP: 29/36 MP: 9/9
  2879 | D:4      | Reached skill level 3 in Polearms
  2893 | D:4      | Got a crude platinum ring
  2895 | D:4      | Identified the ring "Boenn" {MP+9 Dex+4} (You found it on level 4 of the Dungeon)
  3007 | D:4      | Reached skill level 4 in Polearms
  3049 | D:4      | Found a deep blue altar of Sif Muna.
  3127 | D:5      | Entered Level 5 of the Dungeon
  3420 | D:5      | Reached skill level 5 in Polearms
  3430 | D:5      | Gained mutation: You have large cloven feet. [mutagenic meat]
  3433 | D:5      | Gained mutation: Your muscles are strong. (Str +2) [mutagenic meat]
  3436 | D:5      | Gained mutation: You expend magic power (3 MP) to strengthen your wands. [mutagenic meat]
  3439 | D:5      | Gained mutation: You are clumsy. (Dex -2) [mutagenic meat]
  3442 | D:5      | Gained mutation: You are dopey. (Int -2) [mutagenic meat]
  3694 | D:5      | Gained mutation: You have razor-sharp teeth. [Vine Stalker growth]
  3694 | D:5      | Reached XP level 8. HP: 27/40 MP: 9/10
  3698 | D:5      | Reached *** piety under Lugonu
  3799 | D:5      | Reached skill level 6 in Polearms
  4132 | D:6      | Noticed SVVessel's ghost (amateur DrBe)
  4191 | D:6      | Found a staircase to the Ecumenical Temple.
  4214 | Temple   | Entered the Ecumenical Temple
  4516 | D:6      | Noticed a water elemental
  4518 | D:6      | Found a stormy altar of Qazlal.
  4524 | D:6      | Noticed an air elemental
  4610 | D:6      | Reached skill level 7 in Polearms
  5353 | D:7      | Noticed Menkaure
  5355 | D:7      | Killed Menkaure
  5355 | D:7      | Reached skill level 8 in Polearms
  5357 | D:7      | Reached XP level 9. HP: 44/44 MP: 11/11
  5564 | D:7      | Gained mutation: Armour fits poorly on your strangely shaped body. [mutagenic meat]
  5799 | D:8      | Reached skill level 9 in Polearms
  5931 | D:8      | Found a snail-covered altar of Cheibriados.
  5992 | D:8      | Reached **** piety under Lugonu
  5999 | D:8      | HP: 2/44 [orc wizard/magic dart (1)]
  6076 | D:8      | Reached skill level 10 in Polearms
  6195 | D:8      | Noticed Maurice
  6196 | D:8      | Found a glowing silver altar of Zin.
  6205 | D:8      | Killed Maurice
  6459 | D:8      | Reached skill level 11 in Polearms
  6489 | D:8      | Reached XP level 10. HP: 48/49 MP: 12/12
  6662 | D:8      | HP: 2/49 [hog (1)]
  6680 | D:9      | Noticed an eight-headed hydra
  6688 | D:9      | Slain by a bullfrog

Vault maps used:
D:1:      grunt_arrival_crossed_arrows, nrook_loot_triangle
D:2:      lemuel_upstairs_altar, minmay_gold_behind_fungi,
          uniq_crazy_yiuf_cottage
D:3:      first_bread, uniq_natasha
D:4:      kennysheep_six_static_rooms, led_sif_pool
D:6:      nicolae_qazlal_style_of_elements
D:7:      uniq_menkaure
D:8:      gammafunk_temple_overflow_wave, basic_altar, grunt_livestock,
          cheibrodos_worm_habitat, uniq_maurice
D:9:      dpeg_lair_monsters
Temple:   eino_narrow_crystal_temple

Skill      XL: |  1  2  3  4  5  6  7  8  9 |
---------------+----------------------------+-----
Long Blades    | 2 3 |  3.3
Dodging        | 1 2 |  2.9
Fighting       | 3 |  3.5
Invocations    | 2 |  2.5
Armour         | 2 |  2.3
Polearms       | 2 5 8 11 | 11.6

Action                   |  1- 3 |  4- 6 |  7- 9 | 10-12 || total
-------------------------+-------+-------+-------+-------++-------
Melee: Falchion          |   137 |   162 |       |       ||   299
       Bite              |    30 |    37 |    28 |     4 ||    99
       Glaive            |       |    10 |   176 |    15 ||   201
       Kick              |       |       |    28 |     3 ||    31
Throw: Javelin           |       |     4 |       |       ||     4
Invok: Depart the Abyss  |     1 |       |       |       ||     1
       Bend Space        |       |       |     2 |     2 ||     4
  Use: Scroll            |     8 |     4 |     7 |       ||    19
       Potion            |       |     5 |     2 |       ||     7
 Stab: Sleeping          |       |     5 |     4 |       ||     9
       Invisible         |       |     1 |       |       ||     1
       Distracted        |       |       |     1 |       ||     1
  Eat: Chunk             |     1 |     2 |    18 |       ||    21
       Bread ration      |       |     1 |       |       ||     1
Armor: Leather armour    |    35 |    34 |     6 |       ||    75
       Skin              |       |     4 |       |       ||     4
Dodge: Dodged            |    67 |    70 |   103 |     6 ||   246
